 Dungeon Crawl Stone Soup version 0.31-a0-233-g139696dc86 (webtiles) character file.

Game seed: 16246449357933756326

120 qw the Shooter (level 5, -4/30 HPs)
             Began as a Gargoyle Hexslinger on July 7, 2023.
             Slain by an ogre
             ... wielding a +0 giant spiked club
              (14 damage)
             ... on level 4 of the Dungeon.
             The game lasted 00:00:54 (2377 turns).

qw the Shooter (Gargoyle Hexslinger)                Turns: 2377, Time: 00:00:54

Health: -4/30      AC: 16    Str: 12    XL:     5   Next: 4%
Magic:  6/6        EV: 10    Int: 13    God:
Gold:   261        SH:  0    Dex: 14    Spells: 5/6 levels left

rFire   . . .        Y - +1 sling
rCold   . . .        (no shield)
rNeg    + . .        e - +0 ring mail
rPois   inf          (no helmet)
rElec   +            k - +2 cloak
rCorr   +            (no gloves)
SInv    .            (no boots)
Will    .....        i - amulet of faith
Stlth   +            d - ring of resist corrosion
HPRegen 0.25/turn    g - +4 ring of protection
MPRegen 0.10/turn

%: faith
@: no status effects
A: sickness immunity, AC +4, negative energy resistance 1, electricity
resistance, torment resistance 1, petrification resistance
a: no special abilities


You were on level 4 of the Dungeon.
You visited 1 branch of the dungeon, and saw 4 of its levels.

You collected 261 gold pieces.


Innate Abilities, Weirdness & Mutations

You are immune to sickness and miasma.
Your stone body is resilient. (AC +4)
You are immune to poison.
You resist negative energy. (rN+)
You are resistant to electric shocks. (rElec)
You are resistant to unholy torment.
You are immune to petrification.


   Skills:
 - Level 2.0 Fighting
 + Level 4.2 Ranged Weapons
 - Level 2.1 Armour
 - Level 1.5 Dodging
 - Level 1.0 Spellcasting
 - Level 2.6 Hexes


You had 5 spell levels left.
You knew the following spells:

 Your Spells              Type           Power      Damage    Failure   Level
a - Slow                  Hex            28%        N/A       21%         1

Your spell library contained the following spells:

 Spells                   Type           Power      Damage    Failure   Level
 Inner Flame              Hex/Fire       4%         N/A       71%         3
 Portal Projectile        Hex/Tloc       8%         N/A       71%         3
 Cause Fear               Hex            3%         N/A       90%         4

Inventory:

Hand Weapons
 Y - a +1 sling (weapon)
Armour
 e - a +0 ring mail (worn)
 k - a +2 cloak (worn)
Jewellery
 d - a ring of resist corrosion (left hand)
 g - a +4 ring of protection (right hand)
 h - a ring of flight
 i - an amulet of faith (around neck)
Scrolls
 a - 2 scrolls of identify
Potions
 b - a potion of cancellation
 c - a potion of enlightenment
 f - a potion of mutation
 m - a potion of berserk rage {unknown}

Dungeon Overview and Level Annotations

Branches:
Dungeon (4/15)
 Temple: D:4-7

Altars:
Makhleb
Vehumet
The Shining One


Message History

You see here a quokka corpse.
Found a stone staircase leading down.
You now have 261 gold pieces (gained 11).
h - a ring of flight
Enter note: A kobold comes into view. It is wielding a +0 short sword.
Found a sedimented green potion.
The kobold shouts!
Enter note: You shoot a sling bullet.
The sling bullet closely misses the kobold.
An ogre comes into view. It is wielding a +0 giant spiked club.
You shoot a sling bullet.
The sling bullet closely misses the kobold.
The ogre shouts!
The kobold barely misses you. The kobold hits you but does no damage.
You shoot a sling bullet.
The sling bullet barely misses the kobold.
The kobold barely misses you.
You shoot a sling bullet. The sling bullet hits the kobold.
You kill the kobold!
You shoot a sling bullet.
The sling bullet hits the ogre but does no damage.
You shoot a sling bullet.
The sling bullet barely misses the ogre.
The ogre closely misses you.
You shoot a sling bullet. The sling bullet hits the ogre.
The ogre is lightly wounded.
The ogre hits you with a +0 giant spiked club!!
Ouch! That really hurt!
2375 ||| DRINKING potion of heal wounds.
You feel much better.
You shoot a sling bullet. The sling bullet hits the ogre.
The ogre is moderately wounded.
The ogre hits you with a +0 giant spiked club!!
Ouch! That really hurt!
You shoot a sling bullet. The sling bullet hits the ogre.
The ogre is heavily wounded.
The ogre hits you with a +0 giant spiked club!
You die...

#.. ... #.# ..# #.. ...
#.# ..! ##.##.# .....#..#
# #.O...... #.#@#####.#
#.........# #...##
######.##### #...#.. ..#
#.# # ###...#.#####># #.#
...
............#.####.###....
..........................
........ ..#.###...##....
#...#.#####.......# ..


You could see an ogre.

Vanquished Creatures
  A hound (D:4)
  2 adders
  5 dart slugs
  4 orcs (D:3)
  2 bats
  6 endoplasms
  2 giant cockroaches
  7 goblins
  4 hobgoblins
  2 jackals (D:1)
  A quokka (D:4)
  6 ball pythons
  2 frilled lizards (D:1)
  5 kobolds
  6 rats
55 creatures vanquished.

Notes
Turn   | Place    | Note
-------+----------+-------------------------------------------
     0 | D:1      | qw the Gargoyle Hexslinger began the quest for the Orb.
     0 | D:1      | Reached XP level 1. HP: 12/12 MP: 2/2
     0 | D:1      | 0 ||| qw: Version: 0.3-a-46-gb1f654a
     0 | D:1      | 0 ||| qw: Game counter: 3006
     0 | D:1      | 0 ||| qw: Melee chars always use a shield: true
     0 | D:1      | 0 ||| qw: God list: Okawaru
     0 | D:1      | 0 ||| qw: Allow faded altars: false
     0 | D:1      | 0 ||| qw: Do Orc after clearing Dungeon:15 true
     0 | D:1      | 0 ||| qw: Do second Lair branch before Depths: true
     0 | D:1      | 0 ||| qw: Lair rune preference: random
     0 | D:1      | 0 ||| qw: Goals: Normal
     0 | D:1      | 0 ||| PLANNING D:1-11
    71 | D:1      | Reached XP level 2. HP: 16/16 MP: 3/3
    81 | D:1      | Found a faded altar of an unknown god.
   103 | D:1      | Reached skill level 3 in Ranged Weapons
   163 | D:1      | HP: 3/16 [frilled lizard (2)]
   271 | D:1      | Reached XP level 3. HP: 21/21 MP: 4/4
   539 | D:1      | 539 ||| FLEEEEING.
   627 | D:1      | 627 ||| UPGRADING to +0 leather armour.
   637 | D:1      | 637 ||| DROPPING +0 robe.
   638 | D:1      | 638 ||| UPGRADING to amulet of faith.
   643 | D:1      | 643 ||| UPGRADING to ring of resist corrosion.
   644 | D:1      | 644 ||| READING 3 scrolls labelled LUMMEK YMAIM.
   645 | D:1      | 645 ||| READING scroll labelled KUUBOD PYCUD.
   649 | D:1      | 649 ||| READING 2 scrolls of identify.
   649 | D:1      | 649 ||| IDENTIFYING fizzy ruby potion
   650 | D:1      | 650 ||| DROPPING scroll of poison.
  1255 | D:2      | 1255 ||| READING 2 scrolls of identify.
  1255 | D:2      | 1255 ||| IDENTIFYING puce potion
  1321 | D:3      | Found a glowing golden altar of the Shining One.
  1343 | D:3      | HP: 5/21 [constriction (1)]
  1345 | D:3      | Reached XP level 4. HP: 7/26 MP: 5/5
  1520 | D:3      | Reached skill level 4 in Ranged Weapons
  1539 | D:3      | Found a burning altar of Makhleb.
  1566 | D:3      | Found a radiant altar of Vehumet.
  2180 | D:3      | 2180 ||| UPGRADING to +0 ring mail.
  2190 | D:3      | 2190 ||| DROPPING +0 leather armour.
  2191 | D:3      | 2191 ||| UPGRADING to +2 cloak.
  2196 | D:3      | 2196 ||| UPGRADING to +4 ring of protection.
  2197 | D:3      | 2197 ||| READING scroll labelled IGOUTTARYE.
  2198 | D:3      | 2198 ||| READING 3 scrolls of identify.
  2198 | D:3      | 2198 ||| IDENTIFYING glowing brown potion
  2199 | D:3      | 2199 ||| READING 2 scrolls of identify.
  2199 | D:3      | 2199 ||| IDENTIFYING coppery potion
  2327 | D:4      | Reached XP level 5. HP: 30/30 MP: 6/6
  2368 | D:4      | Noticed an ogre
  2374 | D:4      | HP: 3/30 [ogre/+0 giant spiked club (27)]
  2375 | D:4      | 2375 ||| DRINKING potion of heal wounds.
  2377 | D:4      | Slain by an ogre

Levels and vault maps discovered:
D:1:      dpeg_arrival_tiny_a, layout_rooms, basic_ecumenical_altar
D:2:      layout_basic, grunt_ministairs_5, eino_curves_02, eino_tiny_chamber
D:3:      layout_basic, tso_metal_star, nicolae_overflow_crystal_walls,
          amcnicky_altar_gilded, kennysheep_nondescript
D:4:      layout_loops_cross, uniq_edmund

Skill      XL: |  1  2  3  4 |
---------------+-------------+-----
Ranged Weapons | 3 4 |  4.2
Fighting       | 2 |  2.0
Armour         | 2 |  2.1
Dodging        | |  1.5
Spellcasting   | |  1.0
Hexes          | |  2.6

Action                     |  1- 3 |  4- 6 || total
---------------------------+-------+-------++-------
   Fire: Sling             |   139 |    92 ||   231
    Use: Scroll            |     4 |     3 ||     7
         Potion            |       |     1 ||     1
 Armour: Robe              |    15 |       ||    15
         Leather armour    |    22 |    20 ||    42
         Ring mail         |       |    14 ||    14
  Dodge: Dodged            |    61 |    46 ||   107

Table legend:
 A = Non-vault XP
 B = Vault XP
 C = Vault XP percentage of total XP
 D = Non-vault monster count
 E = Vault monster count
 F = Vault count percentage of total count
                 A         B        C        D         E       F
            +---------+---------+-------+---------+---------+-------
      Total |     168 |       4 |   2.3 |      53 |       2 |   3.6
            +---------+---------+-------+---------+---------+-------
        D:1 |      48 |       0 |   0.0 |      26 |       0 |   0.0
        D:2 |      23 |       4 |  14.8 |      10 |       2 |  16.7
        D:3 |      36 |       0 |   0.0 |      12 |       0 |   0.0
        D:4 |      61 |       0 |   0.0 |       5 |       0 |   0.0
            +---------+---------+-------+---------+---------+-------
